 Dungeon Crawl Stone Soup version 0.27-a0-46-g34d46f0a3f (webtiles) character file.

Game seed: 1127161305822511663

42 Borgoz the Cutter (level 3, 0/25 HPs)
             Began as a Halfling Gladiator on Jan 6, 2021.
             Succumbed to an adder's poison
             ... on level 2 of the Dungeon.
             The game lasted 00:01:06 (991 turns).

Borgoz the Cutter (Halfling Gladiator)               Turns: 991, Time: 00:01:06

Health: 0/25       AC:  4    Str: 16    XL:     3   Next: 80%
Magic:  3/3        EV: 16    Int:  6    God:
Gold:   56         SH:  0    Dex: 15    Spells: 2/2 levels left

rFire    + . .     SeeInvis .   a - +0 rapier
rCold    + . .     Faith    .   (shield restricted)
rNeg     . . .     Spirit   .   b - +0 leather armour
rPois    +         Reflect  .   c - +0 helmet
rElec    +         Harm     .   (no cloak)
rCorr    +         Rampage  .   (no gloves)
Will     .....                  (no boots)
Stlth    ++........             (no amulet)
HPRegen  0.08/turn              (no ring)
MPRegen  0.08/turn              (no ring)

@: lethally poisoned (0 -> -1), resistant, hasted (expiring), very quick
A: small, mutation resistance 1
a: no special abilities


You were on level 2 of the Dungeon.
You visited 1 branch of the dungeon, and saw 2 of its levels.

You collected 56 gold pieces.

Inventory:

Hand Weapons
 a - a +0 rapier (weapon)
Missiles
 d - 2 throwing nets (quivered)
Armour
 b - a +0 leather armour (worn)
 c - a +0 helmet (worn)
Scrolls
 e - 2 scrolls of teleportation {unknown}
Potions
 f - a potion of haste


   Skills:
 * Level 2.4 Fighting
 + Level 4.0 Short Blades
 - Level 2.0 Throwing
 + Level 1.1 Armour
 + Level 3.5 Dodging
 + Level 1.1 Stealth


You had 2 spell levels left.
You didn't know any spells.
Your spell library was empty.

Dungeon Overview and Level Annotations

Branches:
Dungeon (2/15)

Altars:
Cheibriados


Innate Abilities, Weirdness & Mutations

You are small and have problems with some larger weapons.
You are somewhat resistant to further mutation.


Message History

You kill the worm!
Things that are here:
a throwing net; a scroll labelled UROMIULEAQ; a worm corpse
Okay, then.
Okay, then.
Okay, then.
* * * LOW HITPOINT WARNING * * *
You feel sick.
Unknown command.
Found a stone staircase leading up.
* * * LOW HITPOINT WARNING * * *
You feel sick.
Found 7 gold pieces.
Okay, then.
* * * LOW HITPOINT WARNING * * *
You feel sick.
Your extra speed is starting to run out.
A quokka comes into view.
You see here 7 gold pieces.
You die...

.#...#...........#....†
.................#....†
#............... #.....
##......r......####.....
..............#.(.......
..............#.........
..............#.........
........$...# ##........
.......@....# #.........
............###.....###.
.....##...<...........##
.... #.##............+
... #.##............# .#
#.##............#
#.####.####.....# ...
#..........+
############


You could see a quokka.

Vanquished Creatures
  An adder (D:2)
  2 worms (D:2)
  2 dart slugs (D:2)
  A leopard gecko (D:1)
  A ball python (D:2)
  A giant cockroach (D:1)
  A hobgoblin (D:1)
  2 quokkas (D:2)
  2 bats (D:1)
  2 frilled lizards (D:1)
  5 goblins (D:1)
  4 rats
24 creatures vanquished.

Notes
Turn   | Place    | Note
-------+----------+-------------------------------------------
     0 | D:1      | Borgoz the Halfling Gladiator began the quest for the Orb.
     0 | D:1      | Reached XP level 1. HP: 14/14 MP: 1/1
   105 | D:1      | Reached XP level 2. HP: 16/19 MP: 2/2
   775 | D:2      | Found a snail-covered altar of Cheibriados.
   780 | D:2      | Reached XP level 3. HP: 20/24 MP: 3/3
   782 | D:2      | Reached skill level 1 in Stealth
   959 | D:2      | Reached skill level 4 in Short Blades
   959 | D:2      | Reached skill level 1 in Armour
   979 | D:2      | HP: 1/25 [poisoned by an adder]
   985 | D:2      | HP: 1/25 [poisoned by an adder]
   991 | D:2      | Succumbed to an adder's poison

Illustrated notes

Levels and vault maps discovered:
D:1:      lightli_arrival_lavapool, layout_loops_ring
D:2:      layout_basic, kennysheep_slug_shrine, corexii_leaking_fountain,
          trog_three_pillars_becter

Skill      XL: |  1  2  3 |
---------------+----------+-----
Fighting       | 2 |  2.4
Stealth        | 1 |  1.1
Short Blades   | 4 |  4.0
Armour         | 1 |  1.1
Throwing       | |  2.0
Dodging        | |  3.5

Action                   || total
-------------------------++-------
Melee: Rapier            ||    67
Throw: Throwing net      ||     1
  Use: Potion            ||     2
 Stab: Sleeping          ||     2
       Held in net/web   ||     1
Armor: Leather armour    ||    16
Dodge: Dodged            ||    39

Table legend: (Time is in decaauts)
 A = Elapsed time spent in this place.
 B = Non-inter-level travel time spent in this place.
 C = Inter-level travel time spent in this place.
 D = Time resting spent in this place.
 E = Time spent auto-exploring this place.
 F = Levels seen in this place.
 G = Mean time per level.
                   A        B        C        D        E       F      G
               +--------+--------+--------+--------+--------+-----+--------+
         Total |    980 |    918 |     62 |      0 |    762 |   2 |  490.0 |
       Dungeon |    980 |    918 |     62 |      0 |    762 |   2 |  490.0 |
               +--------+--------+--------+--------+--------+-----+--------+

Top non-repeatable levels by time:
     D:1: 747 daAuts
     D:2: 233 daAuts
